 Dungeon Crawl Stone Soup version 0.18.1-1-g2f07953 (webtiles) character file.

1288 epen the Distorting Demonspawn (level 8, -10/87 (91) HPs)
             Began as a Demonspawn Abyssal Knight on May 7, 2016.
             Was a Believer of Lugonu.
             Mangled by MDvedh's ghost (12 damage)
             ... on level 7 of the Dungeon.
             The game lasted 00:15:55 (8600 turns).

epen the Distorting Demonspawn (DsAK)               Turns: 8600, Time: 00:15:56

HP:   -10/87 (91)   AC:  8    Str: 21    XL:     8   Next: 30%
MP:   0/13          EV: 10    Int: 14    God:    Lugonu [**....]
Gold: 360           SH:  0    Dex: 13    Spells: 0 memorised, 7 levels left

rFire  + . .     SeeInvis .     o - +3 dagger
rCold  + . .     Gourm    .     w - +0 scale mail (curse)
rNeg   . . .     Faith    .     (no shield)
rPois  .         Spirit   +     (no helmet)
rElec  .         Dismiss  .     (no cloak)
rCorr  .         Reflect  .     (no gloves)
SustAt .         Harm     .     (no boots)
MR     +....                    (no amulet)
Stlth  ..........               B - +2 ring of strength
                                z - ring of protection from fire

@: berserking (expiring), very quick, somewhat resistant to hostile
enchantments, extremely unstealthy
A: icy blue scales 3, deformed body, demonic guardian 1, magic resistance 1,
regeneration 1, screaming 1, wild magic 1, magic shield, magic regeneration
a: Depart the Abyss, Bend Space, Renounce Religion


You were on level 7 of the Dungeon.
You worshipped Lugonu.
Lugonu was pleased with you.
You were not hungry.

You visited 1 branch of the dungeon, and saw 7 of its levels.
You visited the Abyss 1 time.

You collected 360 gold pieces.

Inventory:

Hand Weapons
 a - a +2 short sword
 o - a +3 dagger (weapon)
Missiles
 v - 2 throwing nets (quivered)
Armour
 b - a +0 leather armour
 j - a cursed -1 ring mail
 m - a +1 chain mail
 w - a cursed +0 scale mail (worn)
Jewellery
 z - a ring of protection from fire (left hand)
 A - an uncursed amulet of dismissal
 B - a +2 ring of strength (right hand)
Wands
 y - a wand of iceblast (6/15)
 C - a wand of polymorph (16/24)
Scrolls
 e - a scroll of immolation
 g - 2 scrolls of identify
 i - a scroll of teleportation {unknown}
 k - a scroll of recharging
 t - 2 scrolls of enchant armour
 D - a scroll of random uselessness {unknown}
 E - a scroll of magic mapping {unknown}
 F - a scroll of remove curse
Potions
 d - a potion of magic {unknown}
 h - 2 potions of invisibility {unknown}
 l - 3 potions of curing
 n - 3 potions of flight {unknown}
 r - 5 potions of ambrosia
 s - a potion of resistance
 u - 2 potions of lignification
Books
 p - a book of Flames

   Spells                             Type                      Level
   a - Flame Tongue                   Conjuration/Fire             1
   b - Throw Flame                    Conjuration/Fire             2
   c - Conjure Flame                  Conjuration/Fire             3
   d - Inner Flame                    Hexes/Fire                   3
   e - Sticky Flame                   Conjuration/Fire             4
   f - Fireball                       Conjuration/Fire             5
 x - Jessica's Almanac of Execration
   (You found it on level 3 of the Dungeon)

   Spells                             Type                      Level
   a - Corona                         Hexes                        1
Comestibles
 c - 5 bread rations
 f - 2 meat rations


   Skills:
 + Level 4.9 Fighting
 * Level 5.2 Short Blades
 + Level 4.0 Armour
 + Level 3.2 Dodging
 * Level 7.1 Invocations


You had 7 spell levels left.
You didn't know any spells.

Dungeon Overview and Level Annotations

Branches:
Dungeon (7/15)
 Temple: D:4-7

Altars:
Ashenzari
Makhleb
Nemelex Xobeh
Qazlal
Vehumet
Zin

Annotations:
D:7 MDvedh's ghost, novice GrGl
Abyss:1 Pikel


Innate Abilities, Weirdness & Mutations

You are completely covered in icy blue scales (AC +4, EV -1, rC+).
A weak demonic guardian rushes to your aid.
When hurt, damage is shared between your health and your magic reserves.
You regenerate magic rapidly.
Armour fits poorly on your strangely shaped body.
You are resistant to hostile enchantments.
Your natural rate of healing is unusually fast.
You occasionally shout uncontrollably at your foes.
Your spells are a little harder to cast, but a little more powerful.


Message History

MDvedh's ghost is severely damaged.
MDvedh's ghost hits you!
* * * LOW HITPOINT WARNING * * *
You closely miss MDvedh's ghost.
MDvedh's ghost is severely damaged.
You hit MDvedh's ghost but do no damage.
MDvedh's ghost is severely damaged.
MDvedh's ghost hits you!
* * * LOW HITPOINT WARNING * * *
You closely miss MDvedh's ghost.
MDvedh's ghost is severely damaged.
You hit MDvedh's ghost but do no damage.
MDvedh's ghost is severely damaged.
MDvedh's ghost hits you!
* * * LOW HITPOINT WARNING * * *
Your iron imp barely misses MDvedh's ghost.
You closely miss MDvedh's ghost.
MDvedh's ghost is severely damaged.
MDvedh's ghost hits you!
You die...

.................................
.................................
.................................
..............................>..
.................................
.................................
..............................<..
.................................
..........<...@5...............
.............#W...............
.............................
............................
............................
............................
...........##...............
#..####..................... ..
......................


You could see MDvedh's ghost and a friendly iron imp.

Vanquished Creatures
  Duvessa (D:6)
  A sky beast (D:5)
  A phantom (D:4)
  A necrophage (D:6)
  A centaur (D:5)
  A giant frog (D:6)
  Dowan (D:6)
  3 crimson imps
  A giant frog zombie (D:5)
  An orc priest (D:5)
  An orc wizard (D:3)
  A worker ant (D:6)
  A hound zombie (D:5)
  A hound skeleton (D:4)
  3 gnolls (D:3)
  9 adders
  A shadow imp (D:6)
  2 adder zombies (D:5)
  3 worms
  4 dart slugs
  5 giant geckos
  16 orcs
  2 giant cockroaches
  7 goblins
  5 hobgoblins
  8 jackals
  2 quokkas
  2 ball pythons (D:2)
  11 bats
  A giant cockroach zombie (D:5)
  6 giant newts
  A jackal skeleton (D:4)
  9 kobolds
  4 rats
117 creatures vanquished.

Vanquished Creatures (collateral kills)
  2 slaves (D:5)
  A scorpion (D:4)
  A howler monkey (D:4)
  Jessica (D:3)
  A quokka (D:3)
6 creatures vanquished.

Grand Total: 123 creatures vanquished

Notes
Turn   | Place    | Note
--------------------------------------------------------------
     0 | Abyss:1  | epen the Demonspawn Abyssal Knight began the quest for the Orb.
     0 | Abyss:1  | Reached XP level 1. HP: 18/18 MP: 2/2
    11 | Abyss:1  | Found a corrupted altar of Lugonu.
    34 | Abyss:1  | Noticed a chaos spawn
    72 | Abyss:1  | Noticed an ancient zyme
    86 | D:1      | Escaped the Abyss
   413 | D:1      | Reached * piety under Lugonu
   413 | D:1      | Reached skill level 1 in Dodging
   413 | D:1      | Gained mutation: When hurt, damage is shared between your health and your magic reserves. [demonic ancestry]
   413 | D:1      | Reached XP level 2. HP: 19/24 MP: 3/3
  1239 | D:2      | Reached XP level 3. HP: 21/29 MP: 2/4
  1702 | D:2      | Found a shattered altar of Ashenzari.
  1717 | D:2      | Reached skill level 3 in Invocations
  1743 | D:2      | Found a burning altar of Makhleb.
  2134 | D:2      | Gained mutation: You are partially covered in icy blue scales (AC +1). [demonic ancestry]
  2134 | D:2      | Reached XP level 4. HP: 20/35 MP: 3/6
  2601 | D:3      | Found a glowing silver altar of Zin.
  3013 | D:3      | Reached ** piety under Lugonu
  3595 | D:3      | Gained mutation: A weak demonic guardian rushes to your aid. [demonic ancestry]
  3595 | D:3      | Reached XP level 5. HP: 36/41 MP: 7/7
  3618 | D:3      | Reached skill level 4 in Invocations
  4129 | D:3      | Found a stormy altar of Qazlal.
  4318 | D:3      | Noticed Jessica
  4338 | D:3      | Killed Jessica
  4587 | D:3      | Identified Jessica's Almanac of Execration
  5044 | D:4      | Gained mutation: You regenerate magic rapidly. [demonic ancestry]
  5044 | D:4      | Reached XP level 6. HP: 48/48 MP: 9/9
  5096 | D:4      | Gained mutation: Armour fits poorly on your strangely shaped body. [potion of mutation]
  5096 | D:4      | Gained mutation: You are occasionally teleported next to monsters. [potion of mutation]
  5096 | D:4      | Gained mutation: You are resistant to hostile enchantments. [potion of mutation]
  5683 | D:5      | Entered Level 5 of the Dungeon
  5737 | D:5      | Reached *** piety under Lugonu
  6010 | D:5      | Reached skill level 5 in Invocations
  6066 | D:5      | Gained mutation: You are mostly covered in icy blue scales (AC +3, EV -1). [demonic ancestry]
  6066 | D:5      | Reached XP level 7. HP: 15/54 MP: 4/10
  6338 | D:5      | Gained mutation: You are robust (+10% HP). [mutagenic meat]
  6339 | D:5      | Lost mutation: You are robust (+10% HP). [mutagenic meat]
  6340 | D:5      | Lost mutation: You are occasionally teleported next to monsters. [mutagenic meat]
  6341 | D:5      | Gained mutation: You occasionally shout uncontrollably at your foes. [mutagenic meat]
  6342 | D:5      | Gained mutation: Your spells are a little harder to cast, but a little more powerful. [mutagenic meat]
  6343 | D:5      | Gained mutation: Your natural rate of healing is unusually fast. [mutagenic meat]
  6716 | D:5      | Noticed Pikel
  6845 | D:5      | Banished Pikel
  6845 | D:5      | Reached skill level 6 in Invocations
  7029 | D:5      | Found a radiant altar of Vehumet.
  7030 | D:5      | Found a burning altar of Makhleb.
  7455 | D:6      | Gained mutation: You are completely covered in icy blue scales (AC +4, EV -1, rC+). [demonic ancestry]
  7455 | D:6      | Reached XP level 8. HP: 43/61 MP: 9/12
  7989 | D:6      | Reached skill level 5 in Short Blades
  8126 | D:6      | Reached skill level 7 in Invocations
  8216 | D:6      | Noticed Dowan
  8219 | D:6      | Noticed Duvessa
  8247 | D:6      | Killed Duvessa
  8272 | D:6      | Killed Dowan
  8384 | D:6      | Found a sparkling altar of Nemelex Xobeh.
  8524 | D:7      | Noticed MDvedh's ghost (novice GrGl)
  8599 | D:7      | HP: 2/87 [MDvedh's ghost (5)]
  8600 | D:7      | Mangled by MDvedh's ghost

Skill      XL: |  1  2  3  4  5  6  7  8 |
---------------+-------------------------+-----
Short Blades   | 2 3 4 5 |  5.2
Dodging        | 1 2 3 |  3.2
Armour         | 2 3 4 |  4.0
Invocations    | 3 4 5 6 7 |  7.1
Fighting       | 4 |  4.9

Action                   |  1- 3 |  4- 6 |  7- 9 || total
-------------------------+-------+-------+-------++-------
Melee: Short sword       |   144 |   387 |   113 ||   644
       Dagger            |       |       |   132 ||   132
Invok: Depart the Abyss  |     1 |       |       ||     1
       Banish            |       |       |     5 ||     5
  Use: Scroll            |       |    13 |     1 ||    14
       Potion            |       |     1 |     1 ||     2
 Stab: Distracted        |       |     1 |       ||     1
  Eat: Chunk             |     2 |    12 |     8 ||    22
       Beef jerky        |       |     1 |     1 ||     2
       Fruit             |       |     1 |       ||     1
       Pizza             |       |       |     1 ||     1
       Meat ration       |       |       |     1 ||     1
Armor: Leather armour    |    19 |       |       ||    19
       Chain mail        |    73 |   251 |       ||   324
       Scale mail        |       |     5 |    90 ||    95
Dodge: Dodged            |    73 |   153 |    83 ||   309
